 Dungeon Crawl Stone Soup version 0.31.0-32-g396128a36d (webtiles) character file.

Game seed: 4050654141829773980

770 LordZon the Grave Robber (level 7, 0/70 HPs)
             Began as a Human Necromancer on Mar 11, 2024.
             Was an Initiate of Makhleb.
             Succumbed to a water moccasin's poison
             ... on level 6 of the Dungeon.
             The game lasted 01:09:38 (4854 turns).

LordZon the Grave Robber (Human Necromancer)        Turns: 4854, Time: 01:09:39

Health: 0/70       AC: 23    Str:  9    XL:     7   Next: 83%
Magic:  6/15       EV:  2    Int: 17    God:    Makhleb [......]
Gold:   270        SH:  0    Dex:  9    Spells: 9/17 levels left

rFire   . . .        (no weapon)
rCold   . . .        (no shield)
rNeg    + + +        a - melded +2 robe
rPois   +            (helmet currently unavailable)
rElec   .            (cloak currently unavailable)
rCorr   .            (gloves currently unavailable)
SInv    +            (boots currently unavailable)
Will    +....        f - amulet "Waom" {Acrobat rPois rN++ Dex-4 SInv}
Stlth   +            c - ring of willpower
HPRegen 0.31/turn    d - ring of positive energy
MPRegen 0.14/turn

%: acrobat
@: lethally poisoned (0 -> -7), tree-form, silenced, hasted, very quick
A: stationary, stasis, torment immunity, boosted hp, explore regen
a: Renounce Religion


You were on level 6 of the Dungeon.
You worshipped Makhleb.
Makhleb was noncommittal.
You were a tree.
You visited 1 branch of the dungeon, and saw 6 of its levels.

You collected 270 gold pieces.

Inventory:

Hand Weapons
 j - a +0 dagger
Armour
 a - a +2 robe (melded)
Jewellery
 c - a ring of willpower (left branch)
 d - a ring of positive energy (right branch)
 f - the amulet "Waom" (around neck) {Acrobat rPois rN++ Dex-4 SInv}
   (You acquired it on level 5 of the Dungeon)

   [amulet of the acrobat]

   Acrobat:   It increases your evasion while moving and waiting.
   Dex-4:     It affects your dexterity (-4).
   rPois:     It protects you from poison rN++: It greatly protects you from
   negative energy.
   SInv:      It lets you see invisible.
 k - a ring of see invisible
Scrolls
 e - a scroll of identify
 l - a scroll of fear {unknown}
 o - a scroll of butterflies {unknown}
 p - 2 scrolls of enchant armour
 q - a scroll of immolation {unknown}
Potions
 b - a potion of magic
 g - a potion of might
 h - a potion of invisibility


   Skills:
 + Level 0.7 Fighting
 + Level 2.5 Dodging
 + Level 2.3 Stealth
 + Level 0.3 Unarmed Combat
 + Level 5.7 Spellcasting
 + Level 6.8 Necromancy


You had 9 spell levels left.
You knew the following spells:

 Your Spells              Type           Power      Damage    Failure   Level
a - Necrotise             Necr           100%       1d9       1%          1
b - Vampiric Draining     Necr           28%        2d8       2%          3
c - Dispel Undead         Necr           28%        3d13      8%          4

Your spell library contained the following spells:

 Spells                   Type           Power      Damage    Failure   Level
 Cigotuvi's Dreadful Rot  Necr/Alch/Air  24%        N/A       8%          2
 Animate Dead             Necr           28%        N/A       8%          4
 Curse of Agony           Necr           28%        N/A       22%         5
 Martyr's Knell           Necr/Summ      16%        N/A       32%         4
 Tukima's Dance           Hex            4%         N/A       36%         3
 Borgnjor's Vile Clutch   Necr/Erth      8%         N/A       65%         5
 Death Channel            Necr           14%        N/A       77%         6
 Passage of Golubria      Tloc           4%         N/A       78%         4
 Yara's Violent Unravell  Hex/Alch       2%         3d3       98%         5


Dungeon Overview and Level Annotations

Branches:
Dungeon (6/15)             Temple (0/1) D:5

Altars:
Hepliaklqana
Makhleb


Innate Abilities, Weirdness & Mutations

You are a tree.
Your roots penetrate the ground, keeping you stationary.
You cannot be teleported.
You are immune to unholy pain and torment.
Your maximum health is greatly increased.
Your equipment is partially melded.
You regain HP and MP as you explore.


Message History

Aiming: Necrotise (safe; 1% risk of failure)
Press: ? - help, Shift-Dir - straight line, f/p - water moccasin
Aim: a water moccasin (almost dead, chance to affect: 83%)
The water moccasin writhes in agony.
You feel sick. The water moccasin bites you.
* * * LOW HITPOINT WARNING * * *
Unknown command.
You feel sick. The water moccasin bites you.
* * * LOW HITPOINT WARNING * * *
You are lethally poisoned!
The water moccasin poisons you!
The water moccasin completely misses you.
Casting: Necrotise (safe; 1% risk of failure)
Confirm with . or Enter, or press ? or * to list all spells.
You don't know that spell.
* * * LOW HITPOINT WARNING * * *
You feel very sick.
Casting: Necrotise (safe; 1% risk of failure)
Confirm with . or Enter, or press ? or * to list all spells.
Aiming: Vampiric Draining (dangerous; 2% risk of failure)
Press: ? - help, Shift-Dir - straight line, f/p - water moccasin
Aim: a water moccasin (almost dead)
You draw life force from the water moccasin!
You kill the water moccasin!
Makhleb accepts your kill.
You feel life coursing into your body.
* * * LOW HITPOINT WARNING * * *
You feel very sick.
There is a lethal amount of poison in your body!
You turn into a tree.
Your +2 robe melds into your body.
Your roots penetrate the ground.
* * * LOW HITPOINT WARNING * * *
You feel very sick.
It was a potion of haste.
You feel yourself speed up.
* * * LOW HITPOINT WARNING * * *
You feel sick.
Your magical contamination has completely faded away.
As you read the scroll labelled COCVUYWIORR, it crumbles to dust.
A profound silence engulfs you.
It was a scroll of silence.
You die...

#.# ####.### #.# #......#
#.###### #.##.#.###
#.##...## #.##.#...###
#.#.....# #.##.......#
#......[# #.##.....#
##.......####.##....##...
...>.....................
##...#.######...♣...##...
##.##.# ##.#..### .
##...# #.#.## #.### #.#.#
#.# #.#.. # #.# #.### #
#.# #.# # #.# #.# ####.#
#.#


There were no monsters in sight!

Vanquished Creatures
  A water moccasin (D:6)
  A gnoll sergeant (D:6)
  4 scorpions
  A bombardier beetle (D:5)
  A hound (D:5)
  2 iguanas (D:5)
  An orc wizard (D:3)
  2 gnolls (D:6)
  10 adders
  A shadow imp (D:5)
  2 ribbon worms
  3 dart slugs
  7 orcs
  6 ball pythons
  6 bats
  6 endoplasms
  A giant cockroach (D:1)
  4 goblins
  A hobgoblin (D:1)
  5 jackals
  6 kobolds
  4 quokkas
  A frilled lizard (D:2)
  2 rats (D:1)
78 creatures vanquished.

Vanquished Creatures (collateral kills)
  Natasha (D:3)
  A gnoll (D:6)
  A hobgoblin (D:2)
  A ball python (D:1)
  A frilled lizard (D:2)
  2 rats (D:3)
7 creatures vanquished.

Grand Total: 85 creatures vanquished

Notes
Turn   | Place    | Note
-------+----------+-------------------------------------------
     0 | D:1      | LordZon the Human Necromancer began the quest for the Orb.
     0 | D:1      | Reached XP level 1. HP: 13/13 MP: 3/3
   216 | D:1      | Reached XP level 2. HP: 19/19 MP: 0/5
   698 | D:1      | Reached XP level 3. HP: 25/25 MP: 2/6
  1207 | D:2      | Learned a level 3 spell: Vampiric Draining
  1273 | D:2      | Reached XP level 4. HP: 31/31 MP: 3/8
  1554 | D:3      | Found a hazy altar of Hepliaklqana.
  1568 | D:3      | Reached skill level 5 in Necromancy
  1924 | D:3      | Noticed Natasha
  1926 | D:3      | Reached XP level 5. HP: 36/36 MP: 7/9
  1933 | D:3      | Killed Natasha
  2735 | D:5      | Entered Level 5 of the Dungeon
  2768 | D:5      | Found a burning altar of Makhleb.
  2768 | D:5      | Noticed a balrug
  2773 | D:5      | Noticed a ynoxinul
  2773 | D:5      | Noticed a neqoxec
  2775 | D:5      | Became a worshipper of Makhleb the Destroyer
  2795 | D:5      | Reached XP level 6. HP: 36/42 MP: 7/12
  3693 | D:5      | Reached skill level 6 in Necromancy
  3693 | D:5      | Identified a scroll of acquirement
  3694 | D:5      | Acquired the amulet "Waom" {Acrobat rPois rN++ Dex-4 SInv}
  3969 | D:5      | Reached XP level 7. HP: 47/47 MP: 7/14
  4045 | D:5      | Found a staircase to the Ecumenical Temple.
  4526 | D:6      | Reached skill level 5 in Spellcasting
  4621 | D:6      | Learned a level 4 spell: Dispel Undead
  4853 | D:6      | HP: 2/70 [poisoned by a water moccasin]
  4854 | D:6      | Succumbed to a water moccasin's poison

Illustrated notes

Levels and vault maps discovered:
D:1:      mrwooster_arrival_statue, layout_loops_ring
D:2:      layout_rooms
D:3:      layout_loops_corners, mainiacjoe_overflow_tiny_flanked, uniq_natasha
D:4:      layout_cave_pods
D:5:      layout_loops_ring, makhleb_altar_promises_db,
          minmay_temple_entry_drinking_statues
D:6:      layout_loops_corners, nicolae_tso_besieged_by_evil,
          hangedman_decor_push

Skill      XL: |  1  2  3  4  5  6  7 |
---------------+----------------------+-----
Necromancy     | 5 6 |  6.8
Spellcasting   | 3 4 5 |  5.7
Fighting       | |  0.7
Dodging        | |  2.5
Stealth        | |  2.3
Unarmed Combat | |  0.3

Action                     |  1- 3 |  4- 6 |  7- 9 || total
---------------------------+-------+-------+-------++-------
  Melee: Unarmed           |     3 |    14 |     5 ||    22
   Cast: Necrotise         |    63 |    97 |    32 ||   192
         Vampiric Draining |       |     4 |     1 ||     5
    Use: Scroll            |     6 |     6 |     1 ||    13
         Potion            |       |     1 |     3 ||     4
   Stab: Sleeping          |       |     1 |       ||     1
 Armour: Robe              |    19 |    39 |    16 ||    74
  Dodge: Dodged            |    27 |    40 |    23 ||    90
